 Dungeon Crawl Stone Soup version 0.14.2 (webtiles) character file.

265 rftp080 the Ruinous (level 5, -9/35 HPs)
             Began as a Mummy Wizard on May 31, 2016.
             Mangled by an unseen horror (11 damage)
             ... on Level 1 of the Dungeon.
             The game lasted 00:09:38 (16916 turns).

rftp080 the Ruinous (Mummy Wizard)                 Turns: 16916, Time: 00:09:39

HP  -9/35        AC  2     Str 10      XL: 5   Next:  0%
MP  11/11        EV 12     Int 18      God:
Gold 128         SH  0     Dex 10      Spells:  4 memorised,  2 levels left

rFire  x . .     SeeInvis .     j - +3,+0 spear (distort)
rCold  + . .     Clarity  .     a - +0 robe
rNeg   + + +     Conserve .     (no shield)
rPois  +         rCorr    .     b - +0 hat
rElec  .         rRot     +     (no cloak)
SustAb . .       Spirit   .     (no gloves)
rMut   .         Warding  .     (no boots)
Saprov . . .     Stasis   .     (no amulet)
MR     .....                    (no ring)
                                (no ring)

@: not resistant to hostile enchantments, unstealthy
A: no food or potions, fire vulnerability, restore body, cold resistance 1, life
protection 3, poison resistance, torment resistance, unbreathing
a: no special abilities


You were on level 1 of the Dungeon.
You were not hungry.

You visited 1 branch of the dungeon, and saw 2 of its levels.

You collected 128 gold pieces.

Inventory:

Hand weapons
 h - a +0,+0 club
 j - a +3,+0 spear of distortion (weapon)
Missiles
 d - 19 poisoned needles
Armour
 a - a +0 robe (worn)
 b - a +0 hat (worn)
Magical devices
 e - a wand of slowing (9) {unknown}
 g - a wand of polymorph (21) {unknown}
Scrolls
 f - a scroll of magic mapping {unknown}
 i - a scroll of identify {unknown}
Books
 c - a book of Minor Magic

   Spells                             Type                      Level
   *Magic Dart                        Conjuration                  1
   *Blink                             Translocation                2
   *Call Imp                          Summoning                    2
   Repel Missiles                     Charms/Air                   2
   Slow                               Hexes                        2
   Conjure Flame                      Conjuration/Fire             3
   *Mephitic Cloud                    Conjuration/Poison/Air       3


   Skills:
 - Level 1.7 Dodging
 - Level 1.5 Stealth
 - Level 3.4 Spellcasting
 + Level 3.6 Conjurations
 - Level 0.7 Summonings
 - Level 0.7 Translocations


You had 2 spell levels left.
You knew the following spells:

 Your Spells              Type           Power        Failure   Level  Hunger
a - Magic Dart            Conj           ###.         4%          1    N/A
b - Blink                 Tloc           N/A          17%         2    N/A
c - Call Imp              Summ           #.......     17%         2    N/A
d - Mephitic Cloud        Conj/Pois/Air  #.......     30%         3    N/A

Dungeon Overview and Level Annotations

Branches:
Dungeon (2/15)

Altars:


Innate Abilities, Weirdness & Mutations

You do not eat or drink.
Your flesh is vulnerable to fire.
Your flesh is cold resistant.
You are immune to negative energy.
Your system is resistant to poisons.
You are immune to unholy pain and torment.
You can survive without breathing.


Message History

You start waiting.
You start waiting.
You start waiting.
You start waiting.
You start waiting.
You start waiting.
You start waiting.
You start waiting.
You start waiting.
You start waiting.
Something hits you!
Deactivating autopickup; reactivate with Ctrl-A.
You start resting.
Something hits you!
You start resting.
Something hits you!
* * * LOW HITPOINT WARNING * * *
You start resting.
Something hits you.
* * * LOW HITPOINT WARNING * * *
You start resting.
Something hits you.
* * * LOW HITPOINT WARNING * * *
You start resting.
Something hits you!
You die...

#.# #. ###.# #. #...#
#. ########.########.
#......(..........
#.######.###.####. #.#
#.# #.# #.
###.######)###.# #.
###..@...)...(...####.
#.)...[....[.)...)....
#(#.#.######.##..####.
#.#.#.# #.##..# #.
#.#.#.######.##..####.
#.#.#........>......##
#.#.########.######.##
#.#.# #.# #.## #.#.#
#.# #.##


There were no monsters in sight!

Vanquished Creatures
  A gnoll (D:1)
  5 adders
  3 worms
  4 giant geckos
  An ooze (D:1)
  12 bats
  2 giant cockroaches (D:2)
  7 goblins
  8 hobgoblins
  3 jackals
  A ball python (D:2)
  2 giant newts
  6 kobolds
  2 quokkas (D:2)
  7 rats
64 creatures vanquished.

Notes
Turn   | Place    | Note
--------------------------------------------------------------
     0 | D:1      | rftp080, the Mummy Wizard, began the quest for the Orb.
     0 | D:1      | Reached XP level 1. HP: 13/13 MP: 4/4
   137 | D:2      | Reached XP level 2. HP: 14/19 MP: 0/6
   267 | D:2      | Reached skill level 1 in Conjurations
   272 | D:2      | Learned a level 2 spell: Blink
   275 | D:2      | Learned a level 2 spell: Call Imp
   650 | D:2      | Reached XP level 3. HP: 24/24 MP: 0/8
  1771 | D:1      | Reached XP level 4. HP: 28/30 MP: 3/9
  1828 | D:1      | Learned a level 3 spell: Mephitic Cloud
 14882 | D:1      | Reached XP level 5. HP: 35/35 MP: 6/11
 16916 | D:1      | Mangled by an unseen horror

Action                   |  1- 3 |  4- 6 || total
-------------------------+-------+-------++-------
Melee: Club              |     3 |     1 ||     4
       Spear             |       |    12 ||    12
 Cast: Magic Dart        |   115 |    90 ||   205
       Blink             |       |     2 ||     2
       Call Imp          |       |     2 ||     2
